 Dungeon Crawl Stone Soup version 0.26-a0-962-g9b92081034 (webtiles) character file.

Game seed: 4820809058891602906

46 Dracia the Grasshopper (level 3, -6/27 HPs)
             Began as a Demonspawn Warper on Dec 1, 2020.
             Mangled by a gnoll
             ... wielding a +0 spear
              (10 damage)
             ... on level 2 of the Dungeon.
             The game lasted 00:02:10 (2301 turns).

Dracia the Grasshopper (Demonspawn Warper)          Turns: 2301, Time: 00:02:10

Health: -6/27      AC:  3    Str: 12    XL:     3   Next: 46%
Magic:  6/6        EV:  6    Int: 14    God:
Gold:   79         SH:  0    Dex: 12    Spells: 4/6 levels left

rFire    . . .     SeeInvis .   a - +0 spear
rCold    . . .     Faith    .   (no shield)
rNeg     . . .     Spirit   .   b - +0 leather armour
rPois    .         Reflect  .   (no helmet)
rElec    .         Harm     .   (no cloak)
rCorr    .         Rampage  .   (no gloves)
MR       .....                  (no boots)
Stlth    +.........             (no amulet)
HPRegen  0.09/turn              (no ring)
MPRegen  0.10/turn              (no ring)

@: held
A: powered by death 1
a: no special abilities


You were on level 2 of the Dungeon.
You visited 1 branch of the dungeon, and saw 2 of its levels.

You collected 79 gold pieces.


Innate Abilities, Weirdness & Mutations

You regenerate a little health from kills.


   Skills:
 - Level 2.0 Fighting
 + Level 2.8 Polearms
 - Level 0.8 Throwing
 - Level 0.8 Armour
 - Level 1.7 Dodging
 - Level 2.0 Spellcasting
 + Level 3.4 Translocations


You had 4 spell levels left.
You knew the following spells:

 Your Spells              Type           Power        Failure   Level
a - Blink                 Tloc           N/A          11%         2

Your spell library contained the following spells:

 Spells                   Type           Power        Failure   Level
 Gell's Gravitas          Tloc           ##........   22%         3
 Lesser Beckoning         Tloc           ##........   22%         3
 Teleport Other           Tloc           ##......     22%         3
 Passage of Golubria      Tloc           N/A          58%         4

Inventory:

Hand Weapons
 a - a +0 spear (weapon)
Missiles
 e - 4 boomerangs of dispersal (quivered) {=f}
Armour
 b - a +0 leather armour (worn)
Scrolls
 d - a scroll of blinking
 g - 2 scrolls of magic mapping {unknown}
 h - a scroll of identify {unknown}
 i - 2 scrolls of enchant armour {unknown}
 j - a scroll of remove curse {unknown}
 k - a scroll of random uselessness {unknown}
Potions
 c - 2 potions of curing {unknown}

Dungeon Overview and Level Annotations

Branches:
Dungeon (2/15)

Altars:

#.#..........#.##.
##.................
#................. .
#............>.#.##.
#..............#....
##....$(...#......###
...........g....>...##
##......##gg......)..#
....#.#######@....#..#
### #. #..<)b.....# g
#.##.......# g# ...
........# .. #?#
.......... #B #.
.##........ # #.
......#.. # #.....#..
#..$..#


You could see 3 gnolls and a bat.


Message History

The bat completely misses you.
You reach to attack!
You closely miss the bat. The bat barely misses you.
A gnoll comes into view. It is wielding a +0 club.
You reach to attack!
You closely miss the bat.
The gnoll shouts! x2
The bat hits you but does no damage.
The gnoll throws a throwing net.
The throwing net barely misses you.
You hit the bat but do no damage. The bat hits you but does no damage.
A giant cockroach comes into view.
The bat hits you but does no damage. The bat completely misses you.
The bat barely misses you. The bat hits you but does no damage.
The bat hits you but does no damage. The bat closely misses you.
The bat hits you but does no damage. The bat barely misses you.
The bat hits you.
The gnoll throws a throwing net.
The throwing net hits you.
You become entangled in the net!
You see here a throwing net {=f}.
You struggle against the net.
The bat hits you but does no damage.
The gnoll hits you from afar with a +0 spear!
You struggle against the net.
The bat hits you but does no damage.
The gnoll hits you from afar with a +0 spear.
* * * LOW HITPOINT WARNING * * *
You struggle against the net.
The gnoll hits you but does no damage. The bat hits you but does no damage.
The gnoll hits you from afar with a +0 spear!
* * * LOW HITPOINT WARNING * * *
You struggle against the net.
The bat hits you but does no damage.
The gnoll hits you from afar with a +0 spear!
You die...

Skill      XL: |  1 |
---------------+----+-----
Polearms       | 2 |  2.8
Translocations | 3 |  3.4
Fighting       | |  2.0
Throwing       | |  0.8
Armour         | |  0.8
Dodging        | |  1.7
Spellcasting   | |  2.0

Action                   || total
-------------------------++-------
Melee: Spear             ||   145
Throw: Boomerang         ||     1
  Use: Potion            ||     1
 Stab: Sleeping          ||     1
Armor: Leather armour    ||    44
Dodge: Dodged            ||    88

Levels and vault maps discovered:
D:1:      dpeg_arrival_concentric_ovals, layout_basic, st_stairs_10
D:2:      layout_basic, elyvilon_altar_3

Notes
Turn   | Place    | Note
-------+----------+-------------------------------------------
     0 | D:1      | Dracia the Demonspawn Warper began the quest for the Orb.
     0 | D:1      | Reached XP level 1. HP: 16/16 MP: 3/3
   412 | D:1      | Reached skill level 2 in Polearms
   545 | D:1      | Reached skill level 3 in Translocations
   546 | D:1      | Gained mutation: You regenerate a little health from kills.
                  | [demonic ancestry]
   546 | D:1      | Reached XP level 2. HP: 3/22 MP: 5/5
   818 | D:1      | Learned a level 2 spell: Blink
  1727 | D:1      | Reached XP level 3. HP: 19/27 MP: 6/6
  2301 | D:2      | Mangled by a gnoll

Vanquished Creatures
  An adder (D:1)
  2 oozes (D:1)
  2 goblins (D:1)
  8 hobgoblins (D:1)
  2 jackals (D:1)
  A quokka (D:2)
  2 bats (D:2)
  4 kobolds
  8 rats (D:1)
30 creatures vanquished.

Table legend: (Time is in decaauts)
 A = Elapsed time spent in this place.
 B = Non-inter-level travel time spent in this place.
 C = Inter-level travel time spent in this place.
 D = Time resting spent in this place.
 E = Time spent auto-exploring this place.
 F = Levels seen in this place.
 G = Mean time per level.
                   A        B        C        D        E       F      G
               +--------+--------+--------+--------+--------+-----+--------+
         Total |   2299 |   2263 |     36 |    864 |   1160 |   2 | 1149.5 |
       Dungeon |   2299 |   2263 |     36 |    864 |   1160 |   2 | 1149.5 |
               +--------+--------+--------+--------+--------+-----+--------+

Top non-repeatable levels by time:
     D:1: 2145 daAuts
     D:2: 154 daAuts

Table legend:
 A = Non-vault XP
 B = Vault XP
 C = Vault XP percentage of total XP
 D = Non-vault monster count
 E = Vault monster count
 F = Vault count percentage of total count
                 A         B        C        D         E       F
            +---------+---------+-------+---------+---------+-------
      Total |      64 |       3 |   4.5 |      28 |       2 |   6.7
            +---------+---------+-------+---------+---------+-------
        D:1 |      58 |       3 |   4.9 |      24 |       2 |   7.7
        D:2 |       6 |       0 |   0.0 |       4 |       0 |   0.0
            +---------+---------+-------+---------+---------+-------
